 Dungeon Crawl Stone Soup version 0.30-a0-149-g7f746667c4 (webtiles) character file.

Game seed: 6560889426888664803

22 Sobieck the Sneak (level 2, -1/15 HPs)
             Began as a Vine Stalker Brigand on Sept 26, 2022.
             Succumbed to an adder's poison
             ... on level 2 of the Dungeon.
             The game lasted 00:01:12 (964 turns).

Sobieck the Sneak (Vine Stalker Brigand)             Turns: 964, Time: 00:01:13

Health: -1/15      AC:  3    Str: 13    XL:     2   Next: 91%
Magic:  1/3        EV: 11    Int: 11    God:
Gold:   24         SH:  0    Dex: 15    Spells: 1/1 levels left

rFire   . . .      SeeInvis .    a - +2 dagger {short}
rCold   . . .      Faith    .    (no shield)
rNeg    . . .      Spirit   +    b - +0 robe
rPois   .          Reflect  .    (no helmet)
rElec   .          Harm     .    c - +0 cloak
rCorr   .          Rampage  .    (no gloves)
Will    .....                    (no boots)
Stlth   +++.......               (no amulet)
HPRegen 0.05/turn                (no ring)
MPRegen 0.08/turn                (no ring)

@: lethally poisoned (-1 -> -9)
A: fangs 2, magic shield, antimagic bite, no potion heal 2
a: no special abilities


You were on level 2 of the Dungeon.
You visited 1 branch of the dungeon, and saw 2 of its levels.

You collected 24 gold pieces.


Innate Abilities, Weirdness & Mutations

You have extremely sharp teeth.
When hurt, damage is shared between your health and your magic reserves.
Your bite disrupts and absorbs the magic of your enemies.
Potions cannot restore your health.


   Skills:
 - Level 1.7 Fighting
 + Level 3.0 Short Blades
 - Level 1.7 Throwing
 - Level 0.7 Dodging
 - Level 4.8 Stealth


You had one spell level left.
You didn't know any spells.
Your spell library was empty.

Inventory:

Hand Weapons
 a - a +2 dagger (weapon) {short}
 k - a +0 short sword {short}
   (You took it off a kobold on level 2 of the Dungeon)
Missiles
 d - 9 poisoned darts (quivered) {throwing}
 e - 3 curare-tipped darts {=fthrowing}
 f - 15 stones {throwing}
Armour
 b - a +0 robe (worn)
 c - a +0 cloak (worn)
Scrolls
 i - a scroll of blinking {unknown}
 j - a scroll of silence {unknown}
Potions
 h - a potion of heal wounds {unknown}

Dungeon Overview and Level Annotations

Branches:
Dungeon (2/15) Zot: 11039

Altars:

........#
#.####.#####
############.####..##
#..........# ...
#..........#.....
#..........#......
..................
#..........#....
........[..####.
.#......@..#
#......S..#
#.........#
..........#
..#.####### #.#. #


You could see an adder.


Message History

You are too injured to fight recklessly!
You hit the endoplasm.
You kill the endoplasm!
You start resting.
Unknown command.
You climb downwards.
The adder bites you but does no damage. x2
There is a stone staircase leading up here.
Danger!
Unknown command.
Unknown command.
Unknown command.
Unknown command.
The adder bites you but does no damage.
You climb upwards.
There is a stone staircase leading down here.
Unknown command.
Unknown command.
You closely miss the adder. The adder barely misses you.
You miss the adder. You bite the adder, but do no damage.
The adder closely misses you.
Unknown command.
You hit the adder. The adder bites you.
You closely miss the adder. You bite the adder. You drain its power.
The adder closely misses you.
You hit the adder. The adder bites you.
Unknown command.
You hit the adder.
You kill the adder!
Your Short Blades skill increases to level 3!
Unknown command.
There is a stone staircase leading down, spattered with blood here.
You climb downwards.
There is a stone staircase leading up here.
Unknown command.
Unknown command.
A kobold comes into view. It is wielding a +0 short sword.
The kobold shouts!
Danger!
The kobold hits you with a +0 short sword.
You barely miss the kobold. You bite the kobold. You drain its power.
You hit the kobold.
You kill the kobold!
No target in view!
You see here a +0 short sword {short}.
k - a +0 short sword {short} You now have 24 gold pieces (gained 12).
Unknown command.
A ball python comes into view.
Danger!
No target in view!
No target in view!
An adder comes into view.
Danger!
An adder is nearby!
The adder hisses angrily.
You see here a +0 ring mail.
The adder bites you.
You are poisoned.
The adder poisons you!
You hit the adder. Your bite misses the adder.
You feel sick. The adder bites you but does no damage.
You are too injured to fight recklessly!
You are too injured to fight recklessly!
Unknown command.
You closely miss the adder. Your bite misses the adder.
You feel sick. The adder bites you.
You are lethally poisoned!
The adder poisons you!
You hit the adder but do no damage.
You feel sick. The adder closely misses you.
Unknown command.
You closely miss the adder. Your bite misses the adder.
* * * LOW HITPOINT WARNING * * *
You feel sick. The adder bites you but does no damage.
Unknown command.
You barely miss the adder. Your bite misses the adder.
* * * LOW HITPOINT WARNING * * *
You feel sick. The adder bites you but does no damage.
Unknown command.
You hit the adder. Your bite misses the adder.
* * * LOW HITPOINT WARNING * * *
You feel sick. The adder bites you but does no damage.
Unknown command.
You hit the adder. You bite the adder. You drain its power.
You feel invigorated.
* * * LOW HITPOINT WARNING * * *
You feel sick. The adder barely misses you. The adder bites you.
* * * LOW HITPOINT WARNING * * *
Unknown command.
You hit the adder. Your bite misses the adder.
* * * LOW HITPOINT WARNING * * *
You feel sick. The adder misses you.
Unknown command.
It was a potion of curing.
Your system rejects the healing.
You feel better. The adder bites you.
You are lethally poisoned!
The adder poisons you!
Unknown command.
You closely miss the adder.
You die...

Skill      XL: |  1  2 |
---------------+-------+-----
Short Blades   | 2 3 |  3.0
Fighting       | |  1.7
Throwing       | |  1.7
Dodging        | |  0.7
Stealth        | |  4.8

Action                   || total
-------------------------++-------
Melee: Dagger            ||    36
       Bite              ||     7
  Use: Potion            ||     1
 Stab: Sleeping          ||     4
Armor: Robe              ||    10
Dodge: Dodged            ||    11

Levels and vault maps discovered:
D:1:      lemuel_arrival_behind_the_door_large, layout_basic
D:2:      layout_basic, hellmonk_ecumenical_altar_lost_god, st_stairs_9

Notes
Turn   | Place    | Note
-------+----------+-------------------------------------------
     0 | D:1      | Sobieck the Vine Stalker Brigand began the quest for the
                  | Orb.
     0 | D:1      | Reached XP level 1. HP: 11/11 MP: 2/2
   187 | D:1      | Reached skill level 2 in Short Blades
   239 | D:1      | Reached XP level 2. HP: 15/15 MP: 3/3
   867 | D:1      | Reached skill level 3 in Short Blades
   961 | D:2      | HP: 2/15 [adder (2)]
   964 | D:2      | Succumbed to an adder's poison

Vanquished Creatures
  An adder (D:1)
  A dart slug (D:1)
  A bat (D:1)
  An endoplasm (D:1)
  A giant cockroach (D:1)
  A quokka (D:1)
  3 ball pythons (D:1)
  A frilled lizard (D:1)
  A kobold (D:2)
  A rat (D:1)
12 creatures vanquished.

Table legend:
 A = Non-vault XP
 B = Vault XP
 C = Vault XP percentage of total XP
 D = Non-vault monster count
 E = Vault monster count
 F = Vault count percentage of total count
                 A         B        C        D         E       F
            +---------+---------+-------+---------+---------+-------
      Total |      16 |      16 |  50.0 |       9 |       3 |  25.0
            +---------+---------+-------+---------+---------+-------
        D:1 |      16 |      15 |  48.4 |       9 |       2 |  18.2
        D:2 |       0 |       1 | 100.0 |       0 |       1 | 100.0
            +---------+---------+-------+---------+---------+-------

Illustrated notes

Table legend:
 A = Kills in this place as a percentage of kills in entire the game.
 B = Kills by you in this place as a percentage of kills by you in the entire game.
 C = Kills by friends in this place as a percentage of kills by friends in the entire game.
 D = Other kills in this place as a percentage of other kills in the entire game.
 E = Experience gained in this place as a percentage of experience gained in the entire game.
 F = Experience gained in this place divided by the number of levels of this place that you have seen.
                   A       B       C       D       E      F
               +-------+-------+-------+-------+-------+----------------------
         Total | 100.0 | 100.0 |   N/A |   N/A | 100.0 |  16.0
       Dungeon | 100.0 | 100.0 |   N/A |   N/A | 100.0 |  16.0
               +-------+-------+-------+-------+-------+----------------------

Table legend: (Time is in decaauts)
 A = Elapsed time spent in this place.
 B = Non-inter-level travel time spent in this place.
 C = Inter-level travel time spent in this place.
 D = Time resting spent in this place.
 E = Time spent auto-exploring this place.
 F = Levels seen in this place.
 G = Mean time per level.
                   A        B        C        D        E       F      G
               +--------+--------+--------+--------+--------+-----+--------+
         Total |    960 |    895 |     65 |     65 |    727 |   2 |  480.0 |
       Dungeon |    960 |    895 |     65 |     65 |    727 |   2 |  480.0 |
               +--------+--------+--------+--------+--------+-----+--------+

Top non-repeatable levels by time:
     D:1: 860 daAuts
     D:2: 100 daAuts
